 Dungeon Crawl Stone Soup version 0.30-a0-1043-g60ff8d5f49 (webtiles) character file.

Game seed: 12624871775854958313

3178 bmack86 the Cleaver (level 9, -1/79 HPs)
             Began as a Minotaur Fighter on Apr 10, 2023.
             Slain by an unseen horror (7 damage)
             ... on level 7 of the Dungeon.
             The game lasted 00:16:21 (5580 turns).

bmack86 the Cleaver (Minotaur Fighter)              Turns: 5580, Time: 00:16:21

Health: -1/79      AC: 20    Str: 25    XL:     9   Next: 63%
Magic:  8/8        EV:  5    Int:  5    God:
Gold:   90         SH:  9    Dex: 10    Spells: 8/8 levels left

rFire   . . .      SeeInvis .    a - +1 war axe
rCold   . . .      Faith    .    w - +0 kite shield
rNeg    . . .      Spirit   .    A - +0 plate armour
rPois   .          Reflect  .    y - +2 hat
rElec   .          Rampage  .    G - +1 cloak
rCorr   .                        o - +0 pair of gloves
Will    .....                    k - +0 pair of boots Stlth
                                 (no amulet)
HPRegen 0.33/turn                (no ring)
MPRegen 0.11/turn                (no ring)

@: mighty
A: horns 2, retaliatory headbutt
a: no special abilities


You were on level 7 of the Dungeon.
You visited 2 branches of the dungeon, and saw 8 of its levels.
You also visited: Ossuary.

You collected 394 gold pieces.
You spent 304 gold pieces at shops.

Inventory:

Hand Weapons
 a - a +1 war axe (weapon)
Missiles
 g - 6 boomerangs (quivered)
Armour
 b - a +0 scale mail
 c - a +0 buckler
 k - a +0 pair of boots (worn)
 o - a +0 pair of gloves (worn)
 w - a +0 kite shield (worn)
 y - a +2 hat (worn)
 A - a +0 plate armour (worn)
 G - a +1 cloak (worn)
 I - a +1 chain mail of fire resistance
Jewellery
 h - a ring of ice
 B - a ring of positive energy
 C - an amulet of regeneration
 E - a ring of protection from fire
 J - a ring of positive energy
 L - a ring of wizardry
 M - a ring of magical power
Wands
 p - a wand of acid (12)
 F - a wand of flame (29)
 H - a wand of mindburst (8)
Scrolls
 i - a scroll of vulnerability
 j - 4 scrolls of blinking
 l - a scroll of amnesia
 r - a scroll of noise
 s - 4 scrolls of teleportation
 x - a scroll of fear
 K - a scroll of enchant weapon
 N - a scroll of brand weapon {unknown}
 O - a scroll of acquirement {unknown}
Potions
 d - a potion of might
 e - 3 potions of haste
 f - 2 potions of berserk rage
 m - 2 potions of flight
 n - 5 potions of curing
 q - a potion of magic
 t - a potion of brilliance
 u - 2 potions of heal wounds
 v - 2 potions of mutation
 z - 2 potions of attraction
 D - a potion of invisibility {unknown}


   Skills:
 + Level 7.5 Fighting
 * Level 9.9 Axes
 + Level 5.2 Throwing
 + Level 7.5 Armour
 + Level 7.6 Shields


You had 8 spell levels left.
You didn't know any spells.
Your spell library contained the following spells:

 Spells                   Type           Power      Damage    Failure   Level
 Tukima's Dance           Hex            0%         N/A       100%        3
 Passage of Golubria      Tloc           0%         N/A       100%        4
 Yara's Violent Unravell  Hex/Tmut       0%         3d3       100%        5


Dungeon Overview and Level Annotations

Branches:
Dungeon (7/15)             Temple (1/1) D:4         Ossuary (visited)

Altars:
Ashenzari
Cheibriados
Dithmenos
Elyvilon
Fedhas
Gozag
Hepliaklqana
Kikubaaqudgha
Nemelex Xobeh
Qazlal
Ru
Sif Muna
Trog
Uskayaw
Vehumet
Wu Jian
Xom
Yredelemnul
Zin
The Shining One

Shops:
D:4 [


Innate Abilities, Weirdness & Mutations

You have a pair of horns on your head.
You reflexively headbutt those who attack you in melee.


Message History

The wraith barely misses you. You furiously retaliate!
You headbutt the wraith! You hit the wraith but do no damage.
You headbutt the wraith.
The wraith is severely damaged.
You barely miss something. You miss something.
Something hits you but does no damage. You block something's attack.
Something hits you but does no damage. You block something's attack.
The wraith hits you but does no damage.
Sorry, you're not good enough to have a special ability.
You feel very mighty all of a sudden. Something hits you.
Something hits you but does no damage. The wraith closely misses you.
You slash the wraith!
You destroy the wraith!
You miss something. You hit the gargoyle but do no damage.
Something hits you but does no damage. Something hits you.
The gargoyle hits you with a +0 dire flail.
You hit the gargoyle but do no damage. You headbutt the gargoyle!
The gargoyle is heavily damaged.
Something hits you but does no damage. Something hits you.
The gargoyle hurls a stone arrow at you.
You block the stone arrow.
You barely miss the gargoyle.
The gargoyle is heavily damaged.
You hit something but do no damage. Something hits you.
You block the gargoyle's attack. Something hits you.
You barely miss the gargoyle. You headbutt the gargoyle.
The gargoyle is heavily damaged.
You hit something. Something hits you but does no damage. Something hits you.
The gargoyle completely misses you. You block something's attack.
The gargoyle hits you but does no damage.
You hit the gargoyle.
The gargoyle is severely damaged.
You slash something! Something hits you! Something hits you but does no damage.
The gargoyle hurls a stone arrow at you.
The stone arrow hits you!!
* * * LOW HITPOINT WARNING * * *
You hit the gargoyle.
The gargoyle is severely damaged.
You miss something. Something hits you but does no damage. Something hits you!
You die...

...........#,**,,,,,**,#........#
...........#,*,,,?..(#,#........'
........##.#,*,,,⌠$$|#,#........#
.......<#..#.*,,,...?*,#........#
........#,.#.#*,,...**.#........#
........#,.##.#*,..**.########..#
.......†#...##.##.##.###.....##..
.......)#....##.....###.#####.##.
........#..###..@9.###.#.....#.##
.<........##.....####.#..###..#.#
.........##.......##..#.#...#.#.#
......))##.....##..#..#.#.#.#.#.'
........#(.....#......#.#..)#.#.#
........#.##...#.##...#..###†.#.#
........#.##.....,#..#.#.....#.##
#######.#....#...,#.###.#####.##.
,,,,,,..#....#..#,..#,##..,..##,.


You could see a gargoyle.

Vanquished Creatures
  Grinder (D:5)
  A wyvern (D:4)
  A wraith (D:7)
  A steam dragon (D:7)
  Menkaure (D:5)
  A water moccasin (D:7)
  An ice beast (D:5)
  Duvessa (D:5)
  A sky beast (D:5)
  3 black bears
  2 ogres
  4 phantoms
  An elf zombie (Ossuary)
  3 bullfrogs
  Blork the orc (D:5)
  2 scorpions (D:4)
  Dowan (D:5)
  A howler monkey (D:4)
  2 human zombies (Ossuary)
  3 centaur zombies (Ossuary)
  A crimson imp (D:5)
  5 hounds
  An orc priest (D:7)
  Crazy Yiuf (D:4)
  2 iguanas
  2 orc wizards
  2 hound zombies (Ossuary)
  3 mummies (Ossuary)
  6 gnolls (D:5)
  5 adders
  A shadow imp (D:6)
  A white imp (D:5)
  3 adder zombies (Ossuary)
  A worm (D:2)
  3 dart slugs
  9 orcs
  5 endoplasms
  2 giant cockroaches
  2 gnoll zombies (Ossuary)
  4 goblins
  10 hobgoblins
  7 jackals
  6 kobolds
  5 quokkas
  6 ball pythons
  A bat (D:2)
  3 frilled lizards
  8 goblin zombies (Ossuary)
  5 hobgoblin zombies (Ossuary)
  2 jackal zombies (Ossuary)
  A kobold zombie (Ossuary)
  An orc zombie (Ossuary)
  4 quokka zombies (Ossuary)
  6 rats
  4 rat zombies (Ossuary)
160 creatures vanquished.

Vanquished Creatures (others)
  An orc (D:7)
1 creature vanquished.

Grand Total: 161 creatures vanquished

Notes
Turn   | Place    | Note
-------+----------+-------------------------------------------
     0 | D:1      | bmack86 the Minotaur Fighter began the quest for the Orb.
     0 | D:1      | Reached XP level 1. HP: 19/19 MP: 0/0
   663 | D:2      | Reached XP level 2. HP: 27/27 MP: 1/1
   698 | D:2      | Reached skill level 3 in Axes
   771 | D:2      | Found an opulent altar of Gozag.
   789 | D:2      | Reached XP level 3. HP: 33/33 MP: 2/2
   835 | D:2      | Found a faded altar of an unknown god.
  1115 | D:3      | Reached skill level 1 in Throwing
  1117 | D:3      | Found a snail-covered altar of Cheibriados.
  1266 | D:3      | Found a white marble altar of Elyvilon.
  1296 | D:3      | Reached XP level 4. HP: 39/40 MP: 3/3
  1556 | D:4      | Found a sacrificial altar of Ru.
  1566 | D:4      | Found Piosk's Antique Armour Emporium.
  1585 | D:4      | Bought a runed hat for 147 gold pieces
  1623 | D:4      | Noticed a scorpion
  1632 | D:4      | HP: 2/40 [scorpion (3)]
  1637 | D:4      | Killed a scorpion
  1638 | D:4      | Reached skill level 4 in Axes
  1751 | D:4      | Found an ornate altar of the Wu Jian Council.
  1758 | D:4      | Reached XP level 5. HP: 47/47 MP: 4/4
  1859 | D:4      | Found a sparkling altar of Nemelex Xobeh.
  1908 | D:4      | Noticed a phantom
  1922 | D:4      | Killed a phantom
  1946 | D:4      | Found a staircase to the Ecumenical Temple.
  1953 | Temple   | Entered the Ecumenical Temple
  2181 | D:4      | Noticed an ogre
  2192 | D:4      | Killed an ogre
  2193 | D:4      | Reached skill level 5 in Axes
  2193 | D:4      | Reached XP level 6. HP: 52/55 MP: 5/5
  2278 | D:4      | Reached skill level 5 in Fighting
  2395 | D:4      | Reached skill level 5 in Armour
  2395 | D:4      | Reached skill level 5 in Shields
  2397 | D:4      | Noticed a wyvern
  2402 | D:4      | Killed a wyvern
  2403 | D:4      | Reached skill level 6 in Axes
  2403 | D:4      | Reached XP level 7. HP: 53/61 MP: 6/6
  2768 | D:4      | Found a runed translucent door.
  2769 | D:4      | Noticed Crazy Yiuf
  2776 | D:4      | Killed Crazy Yiuf
  2830 | D:5      | Entered Level 5 of the Dungeon
  2929 | D:5      | Found a sand-covered staircase.
  3007 | D:5      | Noticed Grinder
  3022 | D:5      | Paralysed by Grinder for 5 turns
  3028 | D:5      | Killed Grinder
  3029 | D:5      | Reached skill level 7 in Axes
  3029 | D:5      | Reached XP level 8. HP: 55/70 MP: 7/7
  3069 | Ossuary  | Entered an ossuary
  3437 | D:4      | Bought a runed chain mail for 157 gold pieces
  3507 | D:5      | Noticed Blork the orc
  3522 | D:5      | Killed Blork the orc
  3649 | D:5      | Reached skill level 8 in Axes
  3650 | D:5      | Noticed Dowan
  3651 | D:5      | Noticed Duvessa
  3666 | D:5      | Killed Dowan
  3671 | D:5      | Killed Duvessa
  4079 | D:5      | Reached XP level 9. HP: 78/78 MP: 8/8
  4311 | D:5      | Noticed Menkaure
  4321 | D:5      | Killed Menkaure
  4605 | D:6      | Reached skill level 9 in Axes
  5287 | D:7      | Reached skill level 5 in Throwing
  5569 | D:7      | Noticed a gargoyle
  5580 | D:7      | Slain by an unseen horror

Illustrated notes

Levels and vault maps discovered:
D:1:      kennysheep_arrival_seaside, layout_rooms
D:2:      layout_rooms, hellmonk_ecumenical_altar_pennies_from_heaven,
          basic_altar
D:3:      layout_rooms, kennysheep_slug_shrine, nicolae_elyvilon_peaceful_grove,
          st_stairs_11
D:4:      layout_rooms, nicolae_wu_jian_wuxing_cycle, nicolae_ru_path_of_blood,
          nicolae_overflow_crystal_walls, minmay_temple_entry_metal_lava,
          serial_shops, nicolae_square_shop, nzn_random_ring,
          uniq_crazy_yiuf_cottage
D:5:      layout_basic, enter_ossuary_1, minmay_fire_ice_demons, uniq_grinder,
          uniq_blork_the_orc, uniq_duvessa, uniq_menkaure
D:6:      layout_gridville
D:7:      minmay_the_grid_octo_triangle [minmay_the_grid_octo_tetromino_candy,
          minmay_the_grid_octo_prize_big_c, minmay_the_grid_octo_concentric],
          layout_gridville, minmay_crystal_water
Temple:   regret_index_temple_waves

Skill      XL: |  1  2  3  4  5  6  7  8  9 |
---------------+----------------------------+-----
Axes           | 3 4 5 6 7 8 9 |  9.9
Fighting       | 4 5 6 7 |  7.5
Throwing       | 1 2 3 4 5 |  5.2
Armour         | 4 5 6 7 |  7.5
Shields        | 4 5 6 7 |  7.6

Action                     |  1- 3 |  4- 6 |  7- 9 || total
---------------------------+-------+-------+-------++-------
  Melee: War axe           |    70 |    94 |   274 ||   438
         Headbutt          |    11 |    18 |    54 ||    83
  Throw: Boomerang         |       |       |     9 ||     9
    Use: Scroll            |       |     5 |    16 ||    21
         Potion            |       |     2 |     1 ||     3
 Armour: Scale mail        |    34 |    42 |    81 ||   157
         Chain mail        |       |       |    52 ||    52
         Plate armour      |       |       |    67 ||    67
  Dodge: Dodged            |    41 |    48 |    81 ||   170
  Block: Buckler           |    13 |       |       ||    13
         Kite shield       |       |    55 |   153 ||   208

Table legend: (Time is in decaauts)
 A = Elapsed time spent in this place.
 B = Non-inter-level travel time spent in this place.
 C = Inter-level travel time spent in this place.
 D = Time resting spent in this place.
 E = Time spent auto-exploring this place.
 F = Levels seen in this place.
 G = Mean time per level.
                   A        B        C        D        E       F      G
               +--------+--------+--------+--------+--------+-----+--------+
         Total |   5746 |   5505 |    241 |    112 |   2773 |   9 |  638.4 |
       Dungeon |   5226 |   5013 |    213 |    112 |   2773 |   7 |  746.6 |
        Temple |    167 |    139 |     28 |      0 |      0 |   1 |  167.0 |
       Ossuary |    352 |    352 |      0 |      0 |      0 |   1 |  352.0 |
               +--------+--------+--------+--------+--------+-----+--------+

Top non-repeatable levels by time:
     D:5: 1338 daAuts
     D:4: 1210 daAuts
     D:6: 746 daAuts
     D:1: 618 daAuts
     D:3: 483 daAuts
     D:2: 482 daAuts
 Ossuary: 352 daAuts
     D:7: 345 daAuts
  Temple: 167 daAuts
